AoeStats
← Fari

QS Arena

503607197Analyzed
1v1 RM · 1mo ago on Sep 1, 2026· 35m 58s· 2 players
Game mode
Random Map
Map size
Tiny (2 player)
Population
200
Speed
Normal
Resources
Standard
Victory
Conquest
Starting age
Dark Age
Ending age
Imperial Age
RankedLock teamsTeams togetherTeam positionsShared explorationLock speedFull tech treeHidden civsTurbo modeCheats
Victory
Defeat
🇺🇸 Bohemians · United States
1186
+15
🇧🇷 Tupi · Brazil
1166
-15
Fari
4:48 Loom
8:21 Feudal Age
13:39 Castle Age
11:50 Double-Bit Axe
11:54 Horse Collar
16:12 Town Watch
21:30 Gold Mining
22:36 Fletching
28:50 Imperial Age
26:58 Wheelbarrow
26:28 Heavy Plow
26:38 Bow Saw
27:26 Bodkin Arrow
27:32 Crossbowman
31:31 Chemistry
30:56 Ballistics
30:13 Arbalester
33:07 Bracer
Ultros
7:12 Feudal Age
7:11 Loom
11:30 Castle Age
9:53 Double-Bit Axe
13:14 Fervor
13:25 Sanctity
15:44 Redemption
17:16 Bow Saw
16:53 Horse Collar
19:33 Chemistry
20:55 Fletching
22:08 Padded Archer Armor
23:34 Leather Archer Armor
27:13 Imperial Age
25:02 Town Watch
26:30 Town Watch
27:21 Wheelbarrow
29:30 Ring Archer Armor
34:23 Block Printing
35:14 Conscription
Connection lost

Rejoining the realm…

Still unreachable

The connection could not be restored.

Session expired

The server has moved on; the page needs a fresh start.